 Dungeon Crawl Stone Soup version 0.28-a0-1447-ga5a8893891 (webtiles) character file.

Game seed: 16715852449153888655

140 ytrimaz the Skirmisher (level 5, -2/41 HPs)
             Began as a Demonspawn Fighter on Jan 10, 2022.
             Slain by an iguana (9 damage)
             ... on level 4 of the Dungeon.
             The game lasted 00:03:44 (3358 turns).

ytrimaz the Skirmisher (Demonspawn Fighter)         Turns: 3358, Time: 00:03:44

Health: -2/41      AC:  6    Str: 19    XL:     5   Next: 2%
Magic:  5/5        EV:  9    Int:  9    God:
Gold:   107        SH:  8    Dex: 12    Spells: 4/4 levels left

rFire   . . .      SeeInvis .     - Unarmed
rCold   . . .      Faith    .   c - +0 buckler
rNeg    . . .      Spirit   .   b - +0 scale mail
rPois   .          Reflect  .   (no helmet)
rElec   .          Harm     .   (no cloak)
rCorr   +          Rampage  .   (no gloves)
Will    .....                   (no boots)
Stlth   ..........              (no amulet)
HPRegen 0.13/turn               h - ring of resist corrosion
MPRegen 0.18/turn               (no ring)

@: no status effects
A: large bone plates 1, magic regeneration, demonic touch 2
a: no special abilities


You were on level 4 of the Dungeon.
You visited 1 branch of the dungeon, and saw 4 of its levels.

You collected 107 gold pieces.

Inventory:

Missiles
 l - 3 boomerangs (quivered)
 q - a throwing net
Armour
 b - a +0 scale mail (worn)
 c - a +0 buckler (worn)
Jewellery
 f - a ring of magical power
 h - a ring of resist corrosion (left hand)
Wands
 a - a wand of iceblast (7)
 o - a wand of charming (8)
Scrolls
 e - a scroll of enchant weapon
 i - a scroll of noise
 n - a scroll of teleportation
 p - a scroll of summoning
Potions
 g - a potion of heal wounds {unknown}
 j - a potion of curing
 k - 2 potions of flight {unknown}
 m - 3 potions of attraction {unknown}


   Skills:
 + Level 3.3 Fighting
 - Level 3.2 Axes
 + Level 3.3 Armour
 * Level 3.2 Shields
 * Level 1.4 Unarmed Combat


You had 4 spell levels left.
You didn't know any spells.
Your spell library was empty.

Dungeon Overview and Level Annotations

Branches:
Dungeon (4/15)
 Temple: D:4-7

Altars:


Innate Abilities, Weirdness & Mutations

You are partially covered in large bone plates. (SH +4)
You regenerate magic rapidly.
Your touch may inflict irresistible damage on your foes.


Message History

A gnoll comes into view. It is wielding a +0 whip.
The gnoll shouts!
You hear a shout! x2
An iguana comes into view.
You closely miss the iguana. You block the iguana's attack.
You hit the iguana.
The iguana is lightly wounded.
The iguana bites you but does no damage.
You hit the iguana but do no damage.
The iguana is lightly wounded.
The iguana bites you but does no damage.
You barely miss the iguana.
The iguana is lightly wounded.
The iguana barely misses you. The iguana bites you.
You hit the iguana.
The iguana is moderately wounded.
The iguana bites you but does no damage.
You hit the iguana but do no damage.
The iguana is moderately wounded.
A gnoll comes into view. It is wielding a +0 halberd.
The iguana bites you!
You barely miss the iguana.
The iguana is moderately wounded.
The gnoll shouts!
You hear a shout!
The iguana bites you.
You hit the iguana but do no damage.
The iguana is moderately wounded.
The iguana bites you.
You hit the iguana but do no damage.
The iguana is moderately wounded.
The iguana bites you!
You hit the iguana but do no damage.
The iguana is moderately wounded.
A gnoll comes into view. It is wielding a +0 spear.
The iguana bites you!
* * * LOW HITPOINT WARNING * * *
You are too injured to fight recklessly!
You hit the iguana.
The iguana is heavily wounded.
The iguana bites you!
You die...

#......<..####
#.......#..)##..#
#....#...... ....#
#....#.#...# ....#
###..... #...#
...... #......
#...# ....##.
#.... #..###.....#
.##....###......#.
...g..ggl@........
.#########..#....#
#..........# #
#.........##
#..[......#
#.........#
#.........#
#.<....(..#
#.........#


You could see an iguana and 3 gnolls.

Vanquished Creatures
  A gnoll shaman (D:3)
  A hound skeleton (D:3)
  An adder (D:2)
  A gnoll (D:4)
  5 worms
  2 orcs (D:3)
  9 ball pythons
  7 bats
  7 endoplasms
  2 giant cockroaches
  3 goblins (D:3)
  3 hobgoblins
  5 kobolds
  3 quokkas
  5 frilled lizards (D:1)
  3 rats
58 creatures vanquished.

Notes
Turn   | Place    | Note
-------+----------+-------------------------------------------
     0 | D:1      | ytrimaz the Demonspawn Fighter began the quest for the Orb.
     0 | D:1      | Reached XP level 1. HP: 18/18 MP: 1/1
   229 | D:1      | Gained mutation: You regenerate magic rapidly. [demonic
                  | ancestry]
   229 | D:1      | Reached XP level 2. HP: 11/24 MP: 2/2
   985 | D:2      | Gained mutation: You are partially covered in large bone
                  | plates. (SH +4) [demonic ancestry]
   985 | D:2      | Reached XP level 3. HP: 25/29 MP: 3/3
  1908 | D:3      | Gained mutation: Your touch may inflict minor irresistible
                  | damage on your foes. [demonic ancestry]
  1908 | D:3      | Reached XP level 4. HP: 35/35 MP: 4/4
  3082 | D:3      | Reached skill level 1 in Unarmed Combat
  3087 | D:4      | Noticed a scorpion
  3091 | D:4      | Gained mutation: Your touch may inflict irresistible damage
                  | on your foes. [demonic ancestry]
  3091 | D:4      | Reached XP level 5. HP: 19/41 MP: 5/5
  3358 | D:4      | Slain by an iguana

Illustrated notes

Levels and vault maps discovered:
D:1:      dpeg_arrival_round_b, layout_basic
D:2:      layout_basic
D:3:      layout_loops_ring
D:4:      layout_rooms

Skill      XL: |  1  2  3  4 |
---------------+-------------+-----
Axes           | 2 3 |  3.2
Armour         | 3 |  3.3
Shields        | 3 |  3.2
Unarmed Combat | 1 |  1.4
Fighting       | |  3.3

Action                   |  1- 3 |  4- 6 || total
-------------------------+-------+-------++-------
Melee: War axe           |   108 |       ||   108
       Unarmed           |       |   145 ||   145
Throw: Boomerang         |     1 |       ||     1
  Use: Scroll            |     5 |     2 ||     7
       Potion            |       |     3 ||     3
Armor: Scale mail        |    70 |    39 ||   109
Dodge: Dodged            |    59 |    43 ||   102
Block: Buckler           |    29 |    54 ||    83

Table legend: (Time is in decaauts)
 A = Elapsed time spent in this place.
 B = Non-inter-level travel time spent in this place.
 C = Inter-level travel time spent in this place.
 D = Time resting spent in this place.
 E = Time spent auto-exploring this place.
 F = Levels seen in this place.
 G = Mean time per level.
                   A        B        C        D        E       F      G
               +--------+--------+--------+--------+--------+-----+--------+
         Total |   3409 |   3255 |    154 |    208 |   2416 |   4 |  852.2 |
       Dungeon |   3409 |   3255 |    154 |    208 |   2416 |   4 |  852.2 |
               +--------+--------+--------+--------+--------+-----+--------+

Top non-repeatable levels by time:
     D:3: 1621 daAuts
     D:1: 1002 daAuts
     D:2: 734 daAuts
     D:4: 50 daAuts
